General information
- name: BNet
- type: Ladder team game (AT/RT)
- host: Battle.net
- saver: SerjoVivec
map: Battleground
- players: 8
- length: 18:01
- speed: Fast
- version: 1.26 W3XP
- replay type: Public
» download(111 KB)
Players
team 1 (winner)
Number690873 (
green | 70 APM | 784 actions | 11:13)
4 Paladin
1 Holy Light
2 Devotion Aura
1 Divine Shield
» actions
| Assign group hotkey | 10 | |
| Basic commands | 39 | |
| Build / train | 50 | |
| Enter build submenu | 18 | |
| Enter hero's abilities submenu | 4 | |
| Remove unit from queue | 1 | |
| Right click | 264 | |
| Select / deselect | 185 | |
| Select group hotkey | 174 | |
| Use ability | 39 | |
784 total
» units
| Peasant | 11 | |
| Rifleman | 11 | |
| Archer | 10 | |
32 total
» upgrades
| Gunpowder | 1 | |
| Strength of the Moon | 1 | |
| Armor | 1 | |
| Improved Bows | 1 | |
| Moon Armor | 2 | |
6 total
» buildings
| Blacksmith | 1 | |
| Barracks | 1 | |
| Farm | 7 | |
| Altar of Kings | 1 | |
| Scout Tower | 1 | |
| Arcane Tower | 1 | |
| Arcane Vault | 1 | |
| Ancient of War | 1 | |
| Keep | 1 | |
15 total
» build order
00:50 Blacksmith
00:56 Barracks
00:59 Farm
01:37 Altar of Kings
02:08 Farm
03:05 Farm
04:07 Scout Tower
04:17 Farm
05:32 Arcane Tower
05:36 Farm
06:36 Farm
07:20 Farm
08:02 Arcane Vault
08:11 Ancient of War
09:55 Keep
» items
| Boots of Speed | 1 | |
| Scroll of Regeneration | 2 | |
| Lesser Clarity Potion | 1 | |
4 total

»
PewPewDead (
yellow | 23 APM | 271 actions | 11:35)
3 Priestess of the Moon
1 Searing Arrows
2 Trueshot Aura
» actions
| Assign group hotkey | 8 | |
| Basic commands | 16 | |
| Build / train | 24 | |
| Enter build submenu | 10 | |
| Enter hero's abilities submenu | 3 | |
| Right click | 82 | |
| Select / deselect | 100 | |
| Select group hotkey | 13 | |
| Use ability | 15 | |
271 total
» units
» buildings
| Moon Well | 6 | |
| Ancient of War | 1 | |
| Altar of Elders | 1 | |
| Hunter's Hall | 1 | |
| Tree of Ages | 1 | |
| Tree of Eternity | 1 | |
| Ancient of Wind | 1 | |
| Chimaera Roost | 2 | |
14 total
» build order
00:24 Moon Well
00:52 Ancient of War
01:06 Altar of Elders
01:23 Moon Well
02:31 Hunter's Hall
04:25 Tree of Ages
04:36 Moon Well
05:17 Moon Well
07:22 Tree of Eternity
08:33 Ancient of Wind
10:29 Chimaera Roost
10:30 Chimaera Roost
10:34 Moon Well
10:36 Moon Well
StoneCold (
purple | 51 APM | 268 actions | 05:17)
2 Beastmaster
1 Summon Bear
1 Summon Hawk
» actions
| Assign group hotkey | 2 | |
| Build / train | 21 | |
| Enter build submenu | 8 | |
| Enter hero's abilities submenu | 2 | |
| Remove unit from queue | 1 | |
| Right click | 110 | |
| Select / deselect | 109 | |
| Use ability | 15 | |
268 total
» units
» buildings
| Ancient of War | 1 | |
| Moon Well | 4 | |
| Altar of Elders | 1 | |
| Ancient of Wonders | 1 | |
| Tree of Ages | 1 | |
| Hunter's Hall | 1 | |
9 total
» build order
00:20 Ancient of War
00:34 Moon Well
00:44 Altar of Elders
01:12 Moon Well
01:47 Ancient of Wonders
03:02 Tree of Ages
03:56 Moon Well
04:15 Moon Well
04:20 Hunter's Hall
SerjoVivec (
blue | 76 APM | 1378 actions | 18:01)
4 Blademaster
2 Wind Walk
2 Critical Strike
3 Shadow Hunter
2 Healing Wave
1 Hex
» actions
| Assign group hotkey | 17 | |
| Basic commands | 6 | |
| Build / train | 64 | |
| ESC pressed | 1 | |
| Enter build submenu | 34 | |
| Enter hero's abilities submenu | 8 | |
| Give item / drop item | 2 | |
| Right click | 625 | |
| Select / deselect | 280 | |
| Select group hotkey | 271 | |
| Use ability | 70 | |
1378 total
» units
| Peon | 12 | |
| Grunt | 4 | |
| Archer | 1 | |
| Wisp | 13 | |
| Wind Rider | 5 | |
35 total
» upgrades
| Nature's Blessing | 1 | |
| Berserker Strength | 1 | |
| Pillage | 1 | |
| Envenomed Spears | 1 | |
| Reinforced Defenses | 1 | |
| Armor | 1 | |
| Ranged Weapons | 2 | |
8 total
» buildings
| Altar of Storms | 1 | |
| Orc Burrow | 5 | |
| Barracks | 1 | |
| Voodoo Lounge | 1 | |
| Stronghold | 5 | |
| Ancient Protector | 13 | |
| Beastiary | 2 | |
| Ancient of Wonders | 1 | |
| Fortress | 1 | |
| War Mill | 1 | |
| Castle | 1 | |
| Watch Tower | 4 | |
| Scout Tower | 2 | |
| Arcane Tower | 2 | |
| Great Hall | 1 | |
41 total
» build order
00:04 Altar of Storms
00:08 Orc Burrow
00:56 Barracks
01:26 Orc Burrow
01:49 Voodoo Lounge
02:48 Orc Burrow
04:14 Stronghold
04:15 Stronghold
04:15 Stronghold
05:55 Ancient Protector
06:01 Ancient Protector
06:55 Beastiary
07:01 Beastiary
07:27 Ancient of Wonders
08:12 Orc Burrow
08:48 Fortress
10:20 Orc Burrow
11:12 War Mill
11:57 Ancient Protector
11:58 Ancient Protector
12:00 Ancient Protector
12:03 Ancient Protector
12:35 Castle
13:47 Ancient Protector
13:48 Ancient Protector
13:54 Watch Tower
13:55 Watch Tower
14:10 Scout Tower
14:38 Arcane Tower
14:40 Scout Tower
14:48 Ancient Protector
14:50 Ancient Protector
14:51 Ancient Protector
14:56 Ancient Protector
14:59 Ancient Protector
15:11 Watch Tower
15:13 Watch Tower
15:16 Arcane Tower
16:33 Great Hall
» items
| Healing Salve | 1 | |
| Boots of Speed | 1 | |
| Scroll of Town Portal | 1 | |
3 total
team 2 (loser)

»
super- (
orange | 51 APM | 892 actions | 17:25)
4 Blademaster
2 Wind Walk
2 Critical Strike
4 Tauren Chieftain
2 War Stomp
2 Endurance Aura
» actions
| Assign group hotkey | 22 | |
| Build / train | 50 | |
| Enter build submenu | 17 | |
| Enter hero's abilities submenu | 8 | |
| Give item / drop item | 3 | |
| Remove unit from queue | 1 | |
| Right click | 352 | |
| Select / deselect | 313 | |
| Select group hotkey | 54 | |
| Use ability | 72 | |
892 total
» units
| Peon | 9 | |
| Troll Witch Doctor | 12 | |
| Kodo Beast | 1 | |
| Shaman | 4 | |
26 total
» upgrades
| Witch Doctor Training | 2 | |
| Shaman Training | 2 | |
| Troll Regeneration | 1 | |
| War Drums Damage Increase | 1 | |
| Melee Weapons | 1 | |
| Armor | 1 | |
8 total
» buildings
| Altar of Storms | 1 | |
| Orc Burrow | 7 | |
| War Mill | 1 | |
| Voodoo Lounge | 1 | |
| Stronghold | 1 | |
| Fortress | 1 | |
| Spirit Lodge | 2 | |
| Beastiary | 1 | |
| Barracks | 1 | |
| Watch Tower | 1 | |
| Great Hall | 1 | |
18 total
» build order
00:11 Altar of Storms
00:15 Orc Burrow
00:55 War Mill
01:21 Voodoo Lounge
02:24 Stronghold
02:31 Orc Burrow
04:49 Fortress
05:05 Spirit Lodge
05:08 Spirit Lodge
05:57 Beastiary
06:01 Barracks
07:01 Orc Burrow
07:03 Orc Burrow
08:18 Orc Burrow
11:39 Orc Burrow
13:46 Orc Burrow
14:02 Watch Tower
15:47 Great Hall
» items
| Healing Salve | 1 | |
| Orb of Lightning | 2 | |
3 total
WolfBabe31 (
teal | 45 APM | 772 actions | 17:10)
5 Keeper of the Grove
3 Force of Nature
1 Thorns Aura
1 Entangling Roots
» actions
| Assign group hotkey | 25 | |
| Build / train | 52 | |
| Enter build submenu | 16 | |
| Enter hero's abilities submenu | 5 | |
| Give item / drop item | 1 | |
| Right click | 306 | |
| Select / deselect | 240 | |
| Select group hotkey | 80 | |
| Use ability | 47 | |
772 total
» units
| Wisp | 22 | |
| Huntress | 6 | |
| Dryad | 1 | |
| Druid of the Claw | 7 | |
36 total
» upgrades
| Strength of the Wild | 2 | |
| Reinforced Hides | 1 | |
| Druid of the Claw Training | 2 | |
| Mark of the Claw | 1 | |
6 total
» buildings
| Altar of Elders | 1 | |
| Moon Well | 5 | |
| Ancient of War | 1 | |
| Hunter's Hall | 1 | |
| Tree of Ages | 1 | |
| Ancient of Lore | 2 | |
| Ancient Protector | 3 | |
| Tree of Eternity | 1 | |
| Tree of Life | 1 | |
16 total
» build order
00:11 Altar of Elders
00:24 Moon Well
01:13 Ancient of War
01:55 Hunter's Hall
02:09 Moon Well
03:10 Tree of Ages
05:36 Ancient of Lore
05:40 Ancient of Lore
06:54 Ancient Protector
07:14 Ancient Protector
07:26 Tree of Eternity
07:38 Ancient Protector
07:50 Moon Well
08:41 Moon Well
09:02 Moon Well
12:03 Tree of Life
» items
HeartbreakHotel (
pink | 58 APM | 1039 actions | 17:56)
5 Blademaster
3 Wind Walk
2 Critical Strike
» actions
| Assign group hotkey | 89 | |
| Basic commands | 40 | |
| Build / train | 59 | |
| Enter build submenu | 21 | |
| Enter hero's abilities submenu | 5 | |
| Give item / drop item | 2 | |
| Right click | 491 | |
| Select / deselect | 222 | |
| Select group hotkey | 55 | |
| Use ability | 55 | |
1039 total
» units
| Peon | 17 | |
| Grunt | 5 | |
| Troll Batrider | 6 | |
| Wind Rider | 12 | |
40 total
» upgrades
» buildings
| Orc Burrow | 6 | |
| Altar of Storms | 1 | |
| Barracks | 1 | |
| Voodoo Lounge | 1 | |
| Stronghold | 1 | |
| War Mill | 2 | |
| Beastiary | 2 | |
| Watch Tower | 9 | |
| Great Hall | 1 | |
| Fortress | 1 | |
25 total
» build order
00:47 Orc Burrow
00:54 Altar of Storms
00:55 Barracks
01:05 Orc Burrow
01:43 Voodoo Lounge
03:15 Stronghold
04:37 War Mill
05:46 Beastiary
05:50 Beastiary
07:14 Orc Burrow
07:16 Orc Burrow
08:00 Watch Tower
08:01 Watch Tower
09:29 Great Hall
10:35 Fortress
12:53 Watch Tower
12:54 Watch Tower
12:55 Watch Tower
12:55 Watch Tower
12:58 Watch Tower
12:58 Watch Tower
12:59 Watch Tower
13:07 War Mill
14:20 Orc Burrow
14:22 Orc Burrow
» items
| Healing Salve | 3 | |
| Dust of Appearance | 1 | |
| Lesser Clarity Potion | 1 | |
| Boots of Speed | 1 | |
| Staff of Teleportation | 1 | |
7 total
GODTOLDMETO (
red | 63 APM | 1137 actions | 17:59)
5 Archmage
3 Summon Water Elemental
2 Brilliance Aura
» actions
| Assign group hotkey | 28 | |
| Basic commands | 32 | |
| Build / train | 64 | |
| Enter build submenu | 20 | |
| Enter hero's abilities submenu | 5 | |
| Give item / drop item | 2 | |
| Right click | 387 | |
| Select / deselect | 189 | |
| Select group hotkey | 352 | |
| Use ability | 58 | |
1137 total
» units
| Peasant | 19 | |
| Footman | 5 | |
| Knight | 3 | |
| Siege Engine | 3 | |
30 total
» upgrades
| Masonry | 3 | |
| Lumber Harvesting | 2 | |
| Swords | 3 | |
| Plating | 3 | |
| Animal War Training | 1 | |
12 total
» buildings
| Altar of Kings | 1 | |
| Barracks | 2 | |
| Farm | 10 | |
| Scout Tower | 15 | |
| Arcane Tower | 2 | |
| Town Hall | 1 | |
| Lumber Mill | 1 | |
| Guard Tower | 4 | |
| Arcane Vault | 1 | |
| Keep | 2 | |
| Blacksmith | 1 | |
| Castle | 2 | |
| Workshop | 2 | |
44 total
» build order
00:12 Altar of Kings
00:23 Barracks
00:39 Farm
00:51 Farm
01:32 Scout Tower
01:40 Farm
01:59 Arcane Tower
02:33 Farm
04:25 Town Hall
04:27 Scout Tower
04:27 Scout Tower
04:28 Scout Tower
04:30 Scout Tower
04:59 Lumber Mill
05:24 Arcane Tower
05:36 Guard Tower
05:59 Arcane Vault
06:09 Guard Tower
06:24 Keep
06:24 Keep
06:47 Scout Tower
06:48 Scout Tower
06:49 Scout Tower
07:20 Blacksmith
07:24 Farm
07:25 Farm
07:26 Farm
07:27 Farm
07:41 Guard Tower
07:45 Guard Tower
08:02 Barracks
08:47 Castle
08:47 Castle
08:55 Workshop
11:03 Scout Tower
11:04 Scout Tower
11:05 Scout Tower
11:06 Scout Tower
11:06 Scout Tower
11:10 Scout Tower
11:11 Scout Tower
12:57 Workshop
13:00 Farm
13:00 Farm
» items
| Staff of Teleportation | 1 | |
| Scroll of Healing | 1 | |
| Scroll of Town Portal | 2 | |
| Potion of Lesser Invulnerability | 1 | |
| Potion of Healing | 1 | |
6 total
Chat log
(00:04 / All) WolfBabe31: Blue and pink are leavers
(00:12 / All) HeartbreakHotel: whatevs
(00:14 / All) Number690873: so one leaver each?
(00:22 / All) SerjoVivec: Are you on crack?
(00:28 / All) WolfBabe31: Sure.
(00:34 / All) HeartbreakHotel: WARDEN THREW A PARTY IN THE COUNTY JAIL
(00:36 / All) SerjoVivec: Et tu, mi amice?
(00:42 / All) HeartbreakHotel: THE PRISON BAND WAS THERE AND THEY BEGAN TO WAIL
(01:06 / All) SerjoVivec: Elvis had the most fun jail
(01:16 / All) GODTOLDMETO: didnt he die on a toilet
(01:22 / All) HeartbreakHotel: I might have slight delay
(01:24 / All) SerjoVivec: The jail in Jailhouse Rock, fool
(01:25 / All) HeartbreakHotel: Streaming porno
(01:33 / All) SerjoVivec: not an actual one
(02:13 / All) GODTOLDMETO: teal you a chick?
(02:31 / All) HeartbreakHotel: Teal you hot?
(05:13 / All) StoneCold: gg
(05:16 / All) StoneCold: blue is dumb
(05:40 / All) SerjoVivec: I guess he's mad I creeped that goblin shop. no idea
(09:20 / Allies) SerjoVivec: give me the medal
(09:26 / Allies) SerjoVivec: I creeped this
(09:36 / Allies) PewPewDead: i killed the flying guy
(09:38 / Allies) PewPewDead: btw
(09:39 / Allies) SerjoVivec: I did moron
(09:42 / Allies) PewPewDead: which u couldnt
(09:42 / Allies) SerjoVivec: you have melee
(09:47 / Allies) SerjoVivec: I have a wyvern
(09:49 / Allies) PewPewDead: ARCHERS
(09:52 / Allies) PewPewDead: u idiot
(11:20 / Allies) SerjoVivec: Should have given the medal
(11:28 / Allies) PewPewDead: no
(11:30 / Allies) PewPewDead: i got it
(11:35 / Allies) SerjoVivec: okay then
(11:44 / All) SerjoVivec: Now I have my medallion
(15:19 / All) SerjoVivec: You can leave now
(15:21 / All) SerjoVivec: You lost
(15:37 / All) super-: uh?
(15:43 / All) SerjoVivec: My team is stronger
(15:45 / All) SerjoVivec: It has 3 people
(15:52 / All) GODTOLDMETO: lawl
(15:54 / All) GODTOLDMETO: woflbabe
(16:07 / All) GODTOLDMETO: his bats were killing his hall before i did anything
(16:20 / All) SerjoVivec: sick tp skill
(16:26 / All) super-: ffs red why kill us?#
(16:29 / All) HeartbreakHotel: How dare you sully my good name
(16:43 / All) super-: red u little child#
(16:58 / All) GODTOLDMETO: i aint no child
(17:07 / All) WolfBabe31: Leaver pink
(17:09 / All) WolfBabe31: Left last game
(17:29 / All) SerjoVivec: Good work
(17:29 / All) HeartbreakHotel: I hope this doesn't ruin my chances with her
(17:31 / All) SerjoVivec: Nice and smooth
(17:40 / All) GODTOLDMETO: too smooth
(17:44 / All) SerjoVivec: though I shouldn't have tped at oj, my army looked stronger to me
(17:55 / All) SerjoVivec: Which team gets the loss?